AoeStats
← Jack213

African Clearing

510382908Analyzed
3v3 RM · 18h ago on Sep 30, 2026· 42m 40s· 6 players
Game mode
Random Map
Map size
Normal (6 player)
Population
200
Speed
Normal
Resources
Standard
Victory
Conquest
Starting age
Dark Age
Ending age
Imperial Age
RankedLock teamsTeams togetherTeam positionsShared explorationLock speedFull tech treeHidden civsTurbo modeCheats
Victory
Defeat
🇸🇪 Vietnamese · Sweden
1242
+15
🇸🇪 Mongols · Sweden
1236
+15
🇸🇪 Malians · Sweden
1224
+16
🇫🇷 Huns · France
1236
-16
🇫🇷 Celts · France
1219
-15
🇫🇷 Goths · France
1217
-15
Jack213
4:54 Loom
13:22 Feudal Age
14:07 Double-Bit Axe
14:05 Horse Collar
21:34 Castle Age
23:12 Town Watch
24:11 Wheelbarrow
27:12 Fletching
29:35 Hand Cart
34:35 Stone Mining
34:35 Gold Mining
35:17 Bow Saw
35:10 Bodkin Arrow
39:04 Imperial Age
36:48 Stronghold
37:15 Padded Archer Armor
38:15 Scale Mail Armor
38:26 Forging
38:42 Leather Archer Armor
39:18 Chain Mail Armor
39:57 Chain Mail Armor
39:13 Heavy Mounted Crossbowman
39:55 Husbandry
40:35 Conscription
41:01 Iron Casting
41:13 Ring Archer Armor
42:39 Plate Mail Armor
43:44 Blast Furnace
alexisius(FR)
5:11 Loom
14:51 Feudal Age
16:24 Double-Bit Axe
20:36 Wheelbarrow
23:27 Castle Age
22:08 Stone Mining
22:09 Gold Mining
24:29 Hand Cart
24:28 Bow Saw
25:03 Forging
26:59 Iron Casting
29:49 Scale Barding Armor
31:06 Chain Barding Armor
31:28 Husbandry
32:16 Bloodlines
33:16 Horse Collar
40:12 Imperial Age
39:56 Heavy Plow
40:29 Cavalier
skyles
4:29 Loom
4:56 Loom
12:44 Feudal Age
13:26 Double-Bit Axe
14:07 Horse Collar
14:55 Man-at-Arms
19:40 Forging
20:31 Scale Barding Armor
23:13 Town Watch
26:15 Castle Age
24:22 Scale Mail Armor
27:46 Chain Mail Armor
28:07 Iron Casting
27:49 Squires
28:46 Wheelbarrow
28:06 Gold Mining
28:28 Bow Saw
29:00 Anarchy
29:09 Heavy Plow
30:36 Fletching
31:58 Stone Mining
38:07 Pikeman
39:35 Ballistics
39:12 Murder Holes
40:28 Sanctity
43:07 Imperial Age
Kaos1000
7:01 Loom
14:10 Feudal Age
19:22 Castle Age
17:51 Double-Bit Axe
20:48 Bow Saw
22:04 Loom
23:46 Arson
26:43 Squires
28:16 Scale Mail Armor
28:26 Forging
36:00 Tigui
35:47 Pikeman
37:53 Wheelbarrow
37:04 Town Watch
HELGE!!!!!!!!!!!
8:51 Loom
11:13 Feudal Age
12:27 Double-Bit Axe
22:23 Castle Age
21:05 Fletching
23:18 Bow Saw
23:27 Bodkin Arrow
26:02 Ballistics
26:16 Stone Mining
29:40 Gold Mining
37:03 Imperial Age
35:39 Husbandry
35:50 Bloodlines
37:05 Scale Barding Armor
37:11 Forging
38:27 Chain Barding Armor
39:40 Chemistry
39:51 Iron Casting
38:48 Elite Steppe Lancer
41:28 Wheelbarrow
41:31 Gold Shaft Mining
42:48 Blast Furnace
Kent-Agent
12:03 Loom
14:21 Feudal Age
15:12 Horse Collar
15:19 Double-Bit Axe
20:58 Castle Age
19:33 Fletching
20:31 Wheelbarrow
19:50 Gold Mining
20:33 Padded Archer Armor
20:25 Stone Mining
23:12 Bow Saw
24:02 Heavy Plow
23:43 Crossbowman
26:41 Stone Shaft Mining
30:37 Husbandry
31:10 Scale Barding Armor
31:15 Forging
35:47 Imperial Age
33:54 Chain Barding Armor
34:09 Bloodlines
34:40 Hand Cart
35:39 Iron Casting
35:58 Elite Battle Elephant
37:15 Plate Barding Armor
38:15 Paper Money
38:56 Chatras
40:02 Ballistics
40:44 Chemistry
Connection lost

Rejoining the realm…

Still unreachable

The connection could not be restored.

Session expired

The server has moved on; the page needs a fresh start.